 Dungeon Sprint DCSS version 0.20.1-1-g8b1a95d (webtiles) character file.

368 IDKthis2c the Thaumaturge (level 6, -24/34 HPs)
             Began as a Deep Elf Wizard on July 28, 2017.
             Was a Priest of Sif Muna.
             Killed from afar by an efreet (25 damage)
             ... with a bolt of fire
             ... in the Dungeon (Sprint IX: "|||||||||||||||||||||||||||||").
             The game lasted 00:20:15 (604 turns).

IDKthis2c the Thaumaturge (Deep Elf Wizard)          Turns: 604, Time: 00:20:19

Health: -24/34     AC:  4    Str:  4    XL:     6   Next: 41%
Magic:  14/23      EV: 16    Int: 25    God:    Sif Muna [***...]
Gold:   0          SH:  0    Dex: 16    Spells: 16/29 levels left

rFire    . . .     SeeInvis .   q - staff of energy
rCold    . . .     Gourm    .   (no shield)
rNeg     . . .     Faith    .   a - +0 robe
rPois    .         Spirit   .   b - +0 hat
rElec    .         Reflect  .   y - +0 cloak
rCorr    .         Harm     .   x - +0 pair of gloves
MR       .....     NoTele   +   (no boots)
Stlth    +++.......             (no amulet)
Regen    0.2/turn               B - +2 ring of evasion
MPRegen  0.2/turn               A - +3 ring of dexterity

@: no status effects
A: no striking features
a: Divine Energy, Channel Magic, Renounce Religion


You were in the Dungeon.
You worshipped Sif Muna.
Sif Muna was most pleased with you.
You were not hungry.

You visited 1 branch

Inventory:

Hand Weapons
 k - a +0 club
 l - a +0 dagger
 r - a +1 broad axe of freezing
 s - a +2 dire flail of crushing
 t - a +2 halberd of venom
 u - a +4 quarterstaff of speed
 v - a +2 rapier of venom
 w - a +2 scimitar of holy wrath
Armour
 a - a +0 robe (worn)
 b - a +0 hat (worn)
 x - a +0 pair of gloves (worn)
 y - a +0 cloak (worn)
 z - a +0 chain mail
Magical Staves
 q - an uncursed staff of energy (weapon)
Jewellery
 A - a +3 ring of dexterity (right hand)
 B - a +2 ring of evasion (left hand)
Wands
 p - a wand of lightning (4/15)
Scrolls
 j - a scroll of blinking
 n - 3 scrolls of remove curse
 o - 2 scrolls of amnesia
Potions
 e - 5 potions of curing
 f - 3 potions of heal wounds
 g - a potion of haste
 h - 4 potions of magic
 i - a potion of berserk rage
 m - a potion of invisibility
Books
 c - a book of Minor Magic

   Spells                             Type                      Level
   a - Magic Dart                     Conjuration                  1
   b - Blink                          Translocation                2
   c - Call Imp                       Summoning                    2
   d - Slow                           Hexes                        2
   e - Conjure Flame                  Conjuration/Fire             3
   f - Mephitic Cloud                 Conjuration/Poison/Air       3
Comestibles
 d - a bread ration


   Skills:
 + Level 1.0 Fighting
 + Level 2.0 Staves
 + Level 4.3 Dodging
 + Level 4.0 Stealth
 + Level 12.4 Spellcasting
 + Level 4.4 Conjurations
 + Level 2.1 Hexes
 + Level 6.2 Summonings
 + Level 2.8 Translocations
 + Level 0.7 Fire Magic
 + Level 1.3 Poison Magic
 + Level 4.6 Evocations


You had 16 spell levels left.
You knew the following spells:

 Your Spells              Type           Power        Failure   Level  Hunger
a - Magic Dart            Conj           ####         1%          1    None
b - Blink                 Tloc           N/A          1%          2    None
c - Call Imp              Summ           #####...     1%          2    None
d - Slow                  Hex            ####....     2%          2    None
e - Conjure Flame         Conj/Fire      ####....     4%          3    None
f - Mephitic Cloud        Conj/Pois/Air  ####....     5%          3    None


Dungeon Overview and Level Annotations

Branches:
Dungeon (1/1)

Altars:
Cheibriados
Dithmenos
Elyvilon
Fedhas
Gozag
Hepliaklqana
Kikubaaqudgha
Makhleb
Nemelex Xobeh
Okawaru
Qazlal
Ru
Sif Muna
Trog
Uskayaw
Vehumet
Xom
Yredelemnul
Zin
The Shining One
Beogh
Jiyva
Lugonu


Message History

The bolt of lightning hits the crimson imp.
You kill the crimson imp!
Sif Muna accepts your kill.
Your Fighting skill increases to level 1!
Your Staves skill increases to level 2!
Your Stealth skill increases to level 4!
This wand has 5 charges left.
The efreet gestures at you. The bolt of fire hits you!
* * * LOW HITPOINT WARNING * * *
Aiming: Lightning Bolt
Press: ? - help, Shift-Dir - straight line, f/p - efreet
Aim: an efreet, wielding a scimitar of flaming (almost dead)
You hear a mighty clap of thunder!
The bolt of lightning misses the efreet.
This wand has 4 charges left.
The efreet gestures at you. The bolt of fire hits you!
Ouch! That really hurt!
You die... ▓▓▓▓▓▓▓▓▓▓▓▓▓▓▓▓▓▓ +.....+.§.§.§R..@▓ ▓▓▓▓▓▓▓▓▓▓▓▓▓▓▓▓▓▓

You could see an efreet.

Vanquished Creatures
  An ogre (D)
  A killer bee (D)
  A crimson imp (D)
  A quasit (D)
  A jelly (D)
  An orc wizard (D)
  An iguana (D)
  An adder (D)
  An adder zombie (D)
  An orc (D)
  A goblin (D)
  A hobgoblin (D)
  A frilled lizard (D)
  A jackal skeleton (D)
  A leopard gecko zombie (D)
  2 rats (D)
17 creatures vanquished.

Vanquished Creatures (collateral kills)
  An ogre (D)
  A bullfrog (D)
  A hound (D)
  An adder skeleton (D)
4 creatures vanquished.

Grand Total: 21 creatures vanquished

Notes
Turn   | Place    | Note
-------+----------+-------------------------------------------
     0 | D        | IDKthis2c the Deep Elf Wizard began the quest for the Orb.
     0 | D        | Reached XP level 1. HP: 10/10 MP: 7/7
     4 | D        | Reached skill level 5 in Spellcasting
     9 | D        | Reached skill level 6 in Spellcasting
    88 | D        | Reached skill level 7 in Spellcasting
    88 | D        | Reached XP level 2. HP: 15/15 MP: 7/12
   112 | D        | Learned a level 2 spell: Blink
   115 | D        | Learned a level 2 spell: Call Imp
   118 | D        | Learned a level 2 spell: Slow
   137 | D        | Found a roughly hewn altar of Beogh.
   137 | D        | Found a snail-covered altar of Cheibriados.
   137 | D        | Found a shadowy altar of Dithmenos.
   137 | D        | Found a white marble altar of Elyvilon.
   137 | D        | Found a blossoming altar of Fedhas.
   137 | D        | Found an opulent altar of Gozag.
   138 | D        | Found a hazy altar of Hepliaklqana.
   139 | D        | Found a viscous altar of Jiyva.
   140 | D        | Found an ancient bone altar of Kikubaaqudgha.
   141 | D        | Found a corrupted altar of Lugonu.
   142 | D        | Found a burning altar of Makhleb.
   143 | D        | Found a sparkling altar of Nemelex Xobeh.
   144 | D        | Found an iron altar of Okawaru.
   147 | D        | Found a stormy altar of Qazlal.
   152 | D        | Found a sacrificial altar of Ru.
   153 | D        | Found a deep blue altar of Sif Muna.
   154 | D        | Found a bloodstained altar of Trog.
   155 | D        | Found a hide-covered altar of Uskayaw.
   156 | D        | Found a radiant altar of Vehumet.
   158 | D        | Found a shimmering altar of Xom.
   159 | D        | Found a basalt altar of Yredelemnul.
   160 | D        | Found a glowing silver altar of Zin.
   161 | D        | Found a glowing golden altar of the Shining One.
   177 | D        | Became a worshipper of Sif Muna the Loreminder
   221 | D        | Noticed a killer bee
   221 | D        | Noticed an ogre
   221 | D        | Noticed an ogre
   249 | D        | Reached skill level 8 in Spellcasting
   249 | D        | Reached XP level 3. HP: 19/19 MP: 9/14
   256 | D        | Learned a level 3 spell: Conjure Flame
   332 | D        | Killed an ogre
   332 | D        | Reached * piety under Sif Muna
   332 | D        | Reached skill level 9 in Spellcasting
   332 | D        | Reached skill level 1 in Hexes
   332 | D        | Reached skill level 1 in Evocations
   332 | D        | Reached XP level 4. HP: 24/24 MP: 6/17
   337 | D        | Learned a level 3 spell: Mephitic Cloud
   392 | D        | Killed an ogre
   392 | D        | Reached ** piety under Sif Muna
   392 | D        | Reached skill level 1 in Staves
   392 | D        | Reached skill level 10 in Spellcasting
   392 | D        | Reached skill level 1 in Poison Magic
   392 | D        | Reached XP level 5. HP: 25/28 MP: 18/20
   418 | D        | Reached skill level 11 in Spellcasting
   418 | D        | Reached skill level 5 in Summonings
   504 | D        | Noticed an efreet
   517 | D        | Reached *** piety under Sif Muna
   525 | D        | Reached XP level 6. HP: 33/33 MP: 12/22
   532 | D        | Reached skill level 12 in Spellcasting
   603 | D        | Reached skill level 1 in Fighting
   603 | D        | HP: 1/34 [efreet/bolt of fire (11)]
   604 | D        | Killed from afar by an efreet

Skill      XL: |  1  2  3  4  5  6 |
---------------+-------------------+-----
Spellcasting   | 7 8 9 10 11 12 | 12.4
Dodging        | 3 4 |  4.3
Stealth        | 3 4 |  4.0
Conjurations   | 2 3 4 |  4.4
Hexes          | 1 2 |  2.1
Summonings     | 2 4 5 6 |  6.2
Evocations     | 1 2 4 |  4.6
Staves         | 1 2 |  2.0
Translocations | 2 |  2.8
Poison Magic   | 1 |  1.3
Fighting       | 1 |  1.0
Fire Magic     | |  0.7

Action                   |  1- 3 |  4- 6 || total
-------------------------+-------+-------++-------
Melee: Club              |     4 |       ||     4
       Staff             |       |     3 ||     3
 Cast: Magic Dart        |    23 |    14 ||    37
       Call Imp          |     7 |     4 ||    11
       Blink             |     1 |     4 ||     5
       Conjure Flame     |     3 |     4 ||     7
       Slow              |     1 |       ||     1
       Mephitic Cloud    |       |     2 ||     2
Evoke: Staff of energy   |     8 |     5 ||    13
       Wand              |       |     3 ||     3
  Use: Scroll            |       |     1 ||     1
Armor: Robe              |     3 |       ||     3
Dodge: Dodged            |    11 |     2 ||    13
